← All builds
Air / Cortex / Economy first / OBSERVED BUILD

Standard air

Cortex Air build order · Supreme Isthmus

Economy-first air build: Aircraft Plant then Advanced Metal Extractor and Fusion Reactor, making transports and scouts for allies while transitioning into fighters and occasional bombers over the whole game.

Usually transports first (78%)

#eco #air #team support · 1490 distinct matches · 252 players · 80% of Cortex Air games · team won 46% of 1793 · Recently observed

HOW TO PLAY IT

Key timing: Aircraft Plant by 1:24

  1. Open 3 mex and wind, then drop Aircraft Plant early.
  2. Finish Aircraft Plant and start fighters for scouting and defense.
  3. Eat the Aircraft Plant once production needs outgrow it.
  4. Get Advanced Metal Extractor up to scale eco.
  5. Bring Fusion Reactor online and keep feeding transports, scouts, fighters to allies.

Phase by phase

TYPICAL OF ITS 1490 GAMES
  1. 1
  2. 2
  3. 3
PLAY THE OPENING

Follow the example game's first 6:00 step by step: what to build now, what comes next, and where it goes. At 1× it keeps pace with your own game.

  1. 1

    Up to the Aircraft Plant

    Economy
    • Metal Extractor3Mex
    • Wind Turbine4Wind
    Order
    1. Aircraft PlantAircraft Plant after 3 mex, 4 winddone ~1:26, middle half 1:14–1:35

    Some games also: energy storage (38%)

    By 1:07 in all: 3 mex · 4 wind

    The example game in this phase · 4 steps
    1. Mex ×3
    2. Wind ×4
    3. Energy storage
    4. Aircraft PlantAircraft Plantdone 1:29 · typical 1:26
  2. 2

    Aircraft Plant to 5:00

    Economy
    • Metal Extractor1Mex
    • Wind Turbine9Wind
    • Wind Turbine3Wind
    Builders
    • Construction Turret2 Con turret
    • Construction Aircraft1 Con aircraft
    Army
    • Valiant5 Valiant
    • Hercules2 Light transport for allies
    • Finch2 Finch for allies
    • Finch1 Finch
    • Hephaestus1 Heavy transport for allies

    Some games also: shuriken (49%) · energy storage (45%) · converter (44%) · light transport (40%)

    By 5:00 in all: 3 mex · 1 mex · 13 wind · 3 wind · 1 energy storage · 2 con turret

    The example game in this phase · 36 steps
    1. Wind
    2. FinchFinchfor Beach sea
    3. Wind
    4. Solar
    5. FinchFinchfor Geo sea
    6. HerculesLight transport ×2for Beach sea
    7. Construction AircraftCon aircraft
    8. Con turret ×2
    9. Wind ×2
    10. Converter
    11. Wind
    12. Converter
    13. Wind
    14. Converter
    15. Wind
    16. Converter
    17. ValiantValiant
    18. Mex
    19. Wind
    20. Converter
    21. ValiantValiant
    22. Wind
    23. ValiantValiant
    24. Wind ×2
    25. ValiantValiant
    26. Wind
    27. ValiantValiant
    28. Con turret
    29. Wind ×2
    30. ValiantValiant
    31. Wind
    32. HerculesLight transportfor Tech
    33. Wind
    34. ValiantValiant
    35. Construction AircraftCon aircraft
    36. Wind
  3. 3

    5:00 to 10:00

    Economy
    • Wind Turbine21Wind
    • Wind Turbine5Wind
    • Energy Converter6Converter
    Order
    1. Aircraft PlantEat Aircraft Plant
    2. Aircraft PlantAircraft Plant after 19 wind, 18 wind, 7 converterin 58% of games
    Builders
    • Construction Turret3 Con turret
    Army
    • Valiant9 Valiant

    Some games also: shuriken (48%) · fusion (38%) · con aircraft (35%) · light transport (31%)

    By 10:00 in all: 3 mex · 1 mex · 25 wind · 20 wind · 8 converter · 1 energy storage

    The example game in this phase · 224 steps
    1. Wind ×2
    2. ValiantValiant
    3. Wind
    4. Converter
    5. Wind ×2
    6. Con turret
    7. Aircraft PlantEat Aircraft Plantreclaimed for its metal
    8. Wind
    9. Converter
    10. Wind
    11. Converter
    12. Advanced Metal ExtractorT2 mexdone 6:11 · typical 6:54
    13. Converter
    14. Advanced Metal ExtractorT2 mex
    15. Wind
    16. Advanced Metal ExtractorT2 mex
    17. Wind ×3
    18. Wind
    19. Wind
    20. Wind
    21. Wind
    22. Wind
    23. Wind
    24. Wind
    25. Wind
    26. Wind ×2
    27. Wind
    28. Converter
    29. Wind
    30. Wind
    31. Wind
    32. Wind
    33. Wind ×2
    34. Advanced Metal ExtractorT2 mex
    35. Wind
    36. Converter
    37. Wind
    38. Converter
    39. Wind
    40. Wind ×2
    41. Converter
    42. Wind
    43. Wind
    44. Converter
    45. Wind
    46. Wind
    47. Converter
    48. Wind
    49. Wind
    50. Converter
    51. Wind
    52. Wind
    53. Wind
    54. Con turret
    55. Wind ×2
    56. Wind
    57. Wind
    58. Con turret
    59. Wind
    60. Wind ×2
    61. Wind
    62. Con turret
    63. Wind
    64. Wind
    65. Con turret
    66. Wind
    67. Wind
    68. Aircraft PlantAircraft Plantdone 9:02
    69. Wind
    70. Wind
    71. Wind
    72. Wind
    73. ValiantValiant ×3
    74. Wind
    75. ValiantValiant
    76. Con turret
    77. Wind
    78. Wind
    79. Con turret
    80. ValiantValiant
    81. Con turret
    82. Wind
    83. Wind
    84. HerculesLight transport
    85. Con turret
    86. Wind
    87. Wind
    88. HerculesLight transport
    89. Wind
    90. ValiantValiant ×2
    91. Wind
    92. ValiantValiant ×2
    93. Wind
    94. ValiantValiant
    95. Wind
    96. ValiantValiant ×2
    97. Wind
    98. ValiantValiant
    99. Wind
    100. ValiantValiant ×2
    101. Wind
    102. Wind
    103. ValiantValiant
    104. Con turret ×2
    105. Wind
    106. Wind
    107. ValiantValiant
    108. Con turret ×2
    109. Wind
    110. Wind
    111. ValiantValiant ×2
    112. Con turret
    113. Wind
    114. Wind
    115. Con turret
    116. ValiantValiant
    117. Con turret
    118. ValiantValiant
    119. Wind
    120. Wind
    121. ValiantValiant ×2
    122. Wind
    123. ValiantValiant ×2
    124. Wind
    125. ValiantValiant
    126. Wind
    127. ValiantValiant
    128. Wind
    129. ValiantValiant ×3
    130. Wind
    131. Wind
    132. ValiantValiant ×3
    133. Wind
    134. Wind
    135. ValiantValiant ×2
    136. Wind
    137. ValiantValiant
    138. Wind
    139. ValiantValiant ×2
    140. Wind
    141. ValiantValiant ×4
    142. Wind
    143. ValiantValiant ×4
    144. Wind
    145. ValiantValiant
    146. Wind
    147. Wind
    148. Wind
    149. Wind
    150. Wind
    151. RattlesnakeRattlesnakedone 12:36
    152. Wind
    153. Wind
    154. Wind
    155. Wind
    156. Wind
    157. T2 converter
    158. Wind
    159. Wind
    160. Wind
    161. Wind
    162. T2 converter
    163. Wind
    164. Wind
    165. ShurikenShuriken
    166. Wind
    167. Wind
    168. Wind
    169. ShurikenShuriken ×3
    170. ArbalestArbalest
    171. Wind
    172. ShurikenShuriken
    173. Wind
    174. ShurikenShuriken ×5
    175. Wind
    176. ShurikenShuriken ×2
    177. Wind
    178. ShurikenShuriken ×3
    179. Wind
    180. Wind
    181. Wind
    182. Wind
    183. Wind
    184. Wind
    185. Wind
    186. Wind
    187. Wind
    188. Wind
    189. Wind ×2
    190. Wind
    191. Wind
    192. Wind
    193. Wind
    194. Wind
    195. Wind
    196. Wind
    197. Wind
    198. WhirlwindWhirlwind
    199. Wind
    200. Wind
    201. ValiantValiant ×4
    202. Wind
    203. Wind
    204. ValiantValiant ×3
    205. Wind
    206. Wind
    207. ValiantValiant ×2
    208. Wind
    209. Wind
    210. ValiantValiant ×3
    211. Wind
    212. ValiantValiant ×4
    213. Wind
    214. Wind
    215. ValiantValiant ×2
    216. Wind
    217. ValiantValiant ×3
    218. Wind
    219. ValiantValiant ×4
    220. Wind
    221. ValiantValiant ×4
    222. Wind
    223. Wind
    224. ValiantValiant

Counts are medians over the build's games: half of them build more, half fewer. The example game is realisticjo's (34 OS, 30/09/2026); pick another.

Team trades

IN AT LEAST 30% OF ITS GAMES

You hand over

  • Finch2 Finch to Geo sea or Beach seafirst at 1:50 · in 96% of games
  • Hercules3 Light transport to Tech or Geo sea or Beach seafirst at 2:06 · in 99% of games
  • Hephaestus1 Heavy transport to Beach sea or Pond or Techfirst at 2:23 · in 72% of games

You get

  • Wind Turbine3 Wind from Beach sea or Geo seafirst at 1:37 · in 64% of games
  • Wind Turbine3 Wind from Beach sea or Geo sea or Pondfirst at 1:42 · in 46% of games
  • Construction Bot1 Con bot from Techfirst at 2:22 · in 88% of games
  • Advanced Construction Bot1 T2 con bot from Techfirst at 6:05 · in 96% of games

How it plays out

Typical game of this build, running totals by minute

Metal produced

010k20k30k
0:005:0010:0015:00

metal

Enemy metal destroyed

01k2k
0:005:0010:0015:00

metal

Own metal lost

01k2k3k
0:005:0010:0015:00

metal

1793 games.

Show as table
ByMetal produced: This buildEnemy metal destroyed: This buildOwn metal lost: This build
1:0039200
2:0092300
3:00145600
4:002052051
5:0027635173
6:003706102124
7:005088146167
8:006900190219
9:009279232270
10:0011757292384
11:0014351373540
12:0017061515781
13:00198467811109
14:002269912691689
15:002570018082409
WHAT THE NUMBERS SAY

Standard air play wins less than half its games, with very low combat losses and kills since the role mostly supports rather than fights.

  • + Own metal lost stays very low, only 2701 by 15:00.
  • + Metal production reaches 25740 by 15:00, a strong support economy.
  • − Team wins under half of games (47%).
  • − Enemy metal destroyed stays low at 2097 by 15:00, showing little direct impact.
THE EXAMPLE YOU ARE READING

realisticjo

33.9 OS · 30/09/2026

Open source match ↗

45 received units · includes a constructor
626 metal received · 83441 energy received

Allied construction assistance is unknown. Timings are observations, not a promise of solo reproducibility.

Typical milestones

Aircraft Plant1:26Middle 50%: 1:14–1:35 · n=1793
Advanced Metal Extractor6:54Middle 50%: 6:27–7:26 · n=1734
Fusion Reactor10:53Middle 50%: 9:47–12:18 · n=1147

Played most by

TheGeneraI113games of this buildDad_The_Speedrunner72games of this buildHunfore62games of this buildMilkdragon51games of this buildAdeus50games of this build